 Dungeon Crawl Stone Soup version 0.27-a0-1196-g3e9cee4cb2 (webtiles) character file.

Game seed: 12111998404812058342

68 Shayle the Ducker (level 4, -1/33 HPs)
             Began as a Djinni Air Elementalist on May 28, 2021.
             Killed by their own static electricity (3 damage)
             ... on level 2 of the Dungeon.
             The game lasted 00:07:02 (2298 turns).

Shayle the Ducker (Djinni Air Elementalist)         Turns: 2298, Time: 00:07:03

Health: -1/33      AC:  3    Str:  7    XL:     4   Next: 41%
Gold:   20         EV: 13    Int: 18    God:
                   SH:  0    Dex: 13

rFire    + + .     SeeInvis .   d - +3 dagger (speed)
rCold    x . .     Faith    .   (no shield)
rNeg     . . .     Spirit   .   a - +0 robe
rPois    ∞         Reflect  .   e - +0 helmet
rElec    .         Harm     .   (no cloak)
rCorr    +         Rampage  .   (no gloves)
Will     .....                  (boots unavailable)
Stlth    ++........             (no amulet)
HPRegen  0.11/turn              g - ring of resist corrosion
MPRegen  0.00/turn              (no ring)

@: flying
A: sickness immunity, fire resistance 2, cold vulnerability 1, float, innate
caster, hp casting, extra vitality 1
a: no special abilities


You were on level 2 of the Dungeon.
You visited 1 branch of the dungeon, and saw 3 of its levels.

You collected 20 gold pieces.

Inventory:

Hand Weapons
 d - a +3 dagger of speed (weapon)
Armour
 a - a +0 robe (worn)
 e - a +0 helmet (worn)
Jewellery
 g - a ring of resist corrosion (left hand)
Scrolls
 b - a scroll of enchant weapon {unknown}
 c - 2 scrolls of identify {unknown}
 f - a scroll of enchant armour {unknown}


   Skills:
 + Level 1.9 Fighting
 + Level 3.2 Dodging
 - Level 1.5 Stealth
 + Level 2.9 Spellcasting


You couldn't memorise any spells.
You knew the following spells:

 Your Spells              Type           Power      Damage    Failure   Level
a - Shock                 Conj/Air       52%        1d6       4%          1
b - Static Discharge      Conj/Air       13%        N/A       8%          2
c - Swiftness             Air            13%        N/A       14%         3
d - Airstrike             Air            6%         N/A       43%         4
e - Lightning Bolt        Conj/Air       6%         1d18      80%         5
f - Foxfire               Conj/Fire      52%        2x1d6     4%          1
Your spell library was empty.

Dungeon Overview and Level Annotations

Branches:
Dungeon (3/15)

Altars:


Innate Abilities, Weirdness & Mutations

You are immune to sickness and miasma.
You are immune to poison.
Your flesh is very heat resistant. (rF++)
You are vulnerable to cold. (rC-)
You float through the air rather than walking.
You learn spells naturally, not from books.
Your magical power is your life essence.
You have superior vitality. (+4 HP)


Message History

Casting: Foxfire (safe; 4% risk of failure)
Confirm with . or Enter, or press ? or * to list all spells.
You conjure some foxfire!
Terence says, "Did you write a will?
You should..."
Terence hits you with a +0 hand axe!
Terence hits your foxfire with a +0 hand axe. x2
The foxfire hits Terence but does no damage.
Terence is severely wounded.
The foxfire hits Terence.
Terence is severely wounded.
Terence hits you with a +0 hand axe.
* * * LOW HITPOINT WARNING * * *
Unknown command.
Casting: Foxfire (safe; 4% risk of failure)
Confirm with . or Enter, or press ? or * to list all spells.
Aiming: Shock (safe; 4% risk of failure)
Press: ? - help, Shift-Dir - straight line, f - Terence
Aim: Terence, wielding a +0 hand axe and wearing a +0 scale mail (severely wounded, 72% to hit)
The zap hits Terence but does no damage.
Terence is severely wounded.
* * * LOW HITPOINT WARNING * * *
Terence bares his teeth.
Terence closely misses you.
You aren't carrying any potions.
Okay, then.
Casting: Shock (safe; 4% risk of failure)
Confirm with . or Enter, or press ? or * to list all spells.
Terence is struck by an arc of lightning.
Terence is almost dead.
You are struck by an arc of lightning.
* * * LOW HITPOINT WARNING * * *
The lightning grounds out.
* * * LOW HITPOINT WARNING * * *
Terence closely misses you.
Casting: Static Discharge (safe; 8% risk of failure)
Confirm with . or Enter, or press ? or * to list all spells.
Terence is struck by an arc of lightning.
You kill Terence!
You are struck by an arc of lightning.
You die...

#.... #....
#.... #....
#.... ##### #
##### ########
#.@.#
##.......
####.).###
#....###.
#........#
#....# #.
#......#.#
#....# #.
#..>.....#
##.### #.
#...........
#.# #.
#..?..######
#.#####.
#.....#
#..†....
#####.##.....#
#.......


There were no monsters in sight!

Vanquished Creatures
  Terence (D:2)
  2 adders (D:2)
  2 dart slugs (D:1)
  4 ball pythons
  An endoplasm (D:2)
  6 goblins
  5 hobgoblins
  10 kobolds
  3 quokkas
  4 bats
  2 frilled lizards (D:2)
  5 rats
45 creatures vanquished.

Vanquished Creatures (others)
  53 foxfires
53 creatures vanquished.

Grand Total: 98 creatures vanquished

Notes
Turn   | Place    | Note
-------+----------+-------------------------------------------
     0 | D:1      | Shayle the Djinni Air Elementalist began the quest for the
                  | Orb.
     0 | D:1      | Reached XP level 1. HP: 15/15 MP: 0/0
   309 | D:1      | Reached XP level 2. HP: 20/22 MP: 0/0
   726 | D:1      | Reached skill level 1 in Fighting
   921 | D:1      | Reached XP level 3. HP: 25/27 MP: 0/0
   921 | D:1      | Learned a level 1 spell: Foxfire
  1304 | D:1      | Found a faded altar of an unknown god.
  1336 | D:2      | Noticed Terence
  1387 | D:2      | Reached skill level 3 in Dodging
  1589 | D:2      | Reached XP level 4. HP: 31/33 MP: 0/0
  2298 | D:2      | Killed Terence
  2298 | D:2      | Killed from afar by themself

Illustrated notes

Levels and vault maps discovered:
D:1:      wander_arrival_fairy_ring, layout_basic,
          shapermc_ecumenical_altar_mp_urbaneastern
D:2:      layout_basic, uniq_terence
D:3:      layout_rooms, grunt_temple_overflow_order_and_chaos_1,
          lemuel_coloured_pillars_altar, nicolae_dithmenos_the_darkroom,
          small_statue_intersection, uniq_natasha

Skill      XL: |  1  2  3 |
---------------+----------+-----
Fighting       | 1 |  1.9
Dodging        | 3 |  3.2
Stealth        | |  1.5
Spellcasting   | |  2.9

Action                   |  1- 3 |  4- 6 || total
-------------------------+-------+-------++-------
Melee: Unarmed           |     5 |       ||     5
       Dagger            |       |     1 ||     1
 Cast: Shock             |    47 |     6 ||    53
       Foxfire           |    15 |    15 ||    30
       Static Discharge  |       |     1 ||     1
Armor: Robe              |     3 |     1 ||     4
Dodge: Dodged            |    13 |     9 ||    22

Table legend: (Time is in decaauts)
 A = Elapsed time spent in this place.
 B = Non-inter-level travel time spent in this place.
 C = Inter-level travel time spent in this place.
 D = Time resting spent in this place.
 E = Time spent auto-exploring this place.
 F = Levels seen in this place.
 G = Mean time per level.
                   A        B        C        D        E       F      G
               +--------+--------+--------+--------+--------+-----+--------+
         Total |   2297 |   2181 |    116 |    116 |   1841 |   3 |  765.7 |
       Dungeon |   2297 |   2181 |    116 |    116 |   1841 |   3 |  765.7 |
               +--------+--------+--------+--------+--------+-----+--------+

Top non-repeatable levels by time:
     D:1: 1380 daAuts
     D:2: 900 daAuts
     D:3: 16 daAuts
